 Dungeon Crawl Stone Soup version 0.31.0-32-g396128a36d (webtiles) character file.

Game seed: 1728897163832127424

43 PriceMaster the Firebug (level 3, 0/21 HPs)
             Began as an Octopode Fire Elementalist on Apr 24, 2024.
             Slain by a ball python (2 damage)
             ... on level 2 of the Dungeon.
             The game lasted 00:02:02 (1305 turns).

PriceMaster the Firebug (OpFE)                      Turns: 1305, Time: 00:02:03

Health: 0/21       AC:  1    Str:  7    XL:     3   Next: 58%
Magic:  5/6        EV: 13    Int: 19    God:
Gold:   36         SH:  0    Dex: 12    Spells: 5/6 levels left

rFire   . . .        c - +0 dagger
rCold   . . .        (no shield)
rNeg    . . .        (helmet restricted)
rPois   .            (no amulet)
rElec   .            (no ring)
rCorr   .            (no ring)
SInv    .            (no ring)
Will    .....        (no ring)
Stlth   +++          (no ring)
HPRegen 0.23/turn    (no ring)
MPRegen 0.10/turn    (no ring)
                     (no ring)

%: no passive effects
@: no status effects
A: almost no armour, amphibious, 8 rings, camouflage 1, gelatinous body 1,
(nimble swimmer 1), tentacles
a: no special abilities


You were on level 2 of the Dungeon.
You visited 1 branch of the dungeon, and saw 2 of its levels.

You collected 36 gold pieces.

Inventory:

Hand Weapons
 c - a +0 dagger (weapon)
Scrolls
 b - a scroll of summoning {unknown}
 e - a scroll of poison {unknown}
 f - 3 scrolls of identify {unknown}
Potions
 d - a potion of heal wounds {unknown}


   Skills:
 + Level 2.2 Dodging
 + Level 3.0 Stealth
 + Level 2.4 Spellcasting
 + Level 1.3 Conjurations
 + Level 3.7 Fire Magic


You had 5 spell levels left.
You knew the following spells:

 Your Spells              Type           Power      Damage    Failure   Level
a - Foxfire               Conj/Fire      48%        2x1d6     6%          1

Your spell library contained the following spells:

 Spells                   Type           Power      Damage    Failure   Level
 Scorch                   Fire           32%        2d6       5%          2
 Inner Flame              Hex/Fire       9%         N/A       22%         3
 Volatile Blastmotes      Fire/Tloc      18%        2d11      22%         3
 Flame Wave               Conj/Fire      12%        2d6       50%         4


Dungeon Overview and Level Annotations

Branches:
Dungeon (2/15)

Altars:


Innate Abilities, Weirdness & Mutations

You cannot wear most types of armour.
You are amphibious.
You can wear up to eight rings at the same time.
Your skin changes colour to match your surroundings (Stealth+).
Your rubbery body absorbs attacks. (AC +1, EV +1)
((You are camouflaged when in or above water. (Stealth+)))
You have tentacles for arms and can constrict up to eight enemies at once.


Message History

The ball python bites you. The ball python grabs you.
The ball python constricts you. The kobold closely misses you.
You escape the ball python's grasp.
The jackal closely misses you. The kobold attacks as it pursues you!
The kobold barely misses you.
You see here a frilled lizard corpse.
The jackal attacks as it pursues you!
The jackal bites you but does no damage.
Casting: Foxfire (safe; 6% risk of failure)
Confirm with . or Enter, or press ? or * to list all spells.
You conjure some foxfire!
The jackal bites you.
The kobold hits you with a +0 short sword.
The foxfire hits the kobold.
The kobold is heavily wounded.
The foxfire hits the kobold.
The kobold is severely wounded.
The jackal bites you.
* * * LOW HITPOINT WARNING * * *
The ball python attacks as it pursues you!
The ball python misses you. The ball python completely misses you.
The jackal misses you. The kobold barely misses you.
The kobold hits you with a +0 short sword.
* * * LOW HITPOINT WARNING * * *
The ball python closely misses you. The ball python grabs you.
The ball python constricts you.
* * * LOW HITPOINT WARNING * * *
You escape the ball python's grasp.
Casting: Foxfire (safe; 6% risk of failure)
Confirm with . or Enter, or press ? or * to list all spells.
You don't know that spell.
Casting: Foxfire (safe; 6% risk of failure)
Confirm with . or Enter, or press ? or * to list all spells.
You don't have enough magic to cast this spell.
Magic courses through your body. The jackal closely misses you.
The jackal barely misses you.
Casting: Foxfire (safe; 6% risk of failure)
Confirm with . or Enter, or press ? or * to list all spells.
You conjure some foxfire!
The jackal bites you.
* * * LOW HITPOINT WARNING * * *
The ball python bites you.
You die...

## #############.#.#.
#...v...#.......Sh.
#...v@S.....#.#.#.#
#..###hK).#)....... #
#......#.#.#.# #.
#..###....#.†..... #.
#......†....#.#.#.# #.##
#......?#.......... ..#
###########.#.#(#.# #.#
########........
#.########........#.#.#.#


You could see a jackal, a ball python (ally target) and a kobold.

Vanquished Creatures
  An adder (D:2)
  2 bats (D:1)
  3 endoplasms
  4 goblins
  4 hobgoblins (D:1)
  3 jackals
  2 kobolds (D:1)
  6 ball pythons
  4 frilled lizards
  3 rats (D:1)
32 creatures vanquished.

Vanquished Creatures (others)
  91 foxfires
91 creatures vanquished.

Grand Total: 123 creatures vanquished

Notes
Turn   | Place    | Note
-------+----------+-------------------------------------------
     0 | D:1      | PriceMaster the Octopode Fire Elementalist began the quest
                  | for the Orb.
     0 | D:1      | Reached XP level 1. HP: 11/11 MP: 3/3
   231 | D:1      | Reached XP level 2. HP: 17/17 MP: 1/5
   979 | D:1      | Reached XP level 3. HP: 21/21 MP: 4/6
  1305 | D:2      | Slain by a ball python

Illustrated notes

Levels and vault maps discovered:
D:1:      lordsloth_arrival_two_stooges, layout_loops_ring
D:2:      layout_loops_cross, st_stairs_10, minmay_misc_feat_room,
          chequers_mini_garden, minmay_joined_circles

Skill      XL: |  1  2 |
---------------+-------+-----
Stealth        | 3 |  3.0
Dodging        | |  2.2
Spellcasting   | |  2.4
Conjurations   | |  1.3
Fire Magic     | |  3.7

Action                     || total
---------------------------++-------
  Melee: Unarmed           ||     9
         Constrict         ||    11
         Dagger            ||    24
         Tentacles         ||     5
   Cast: Foxfire           ||    61
    Use: Potion            ||     1
   Stab: Sleeping          ||     2
 Armour: Skin              ||    34
  Dodge: Dodged            ||    53
